IL
LEHIGH VALLEY IRONPIGS @ LOUISVILLE BATS
07/30/2044
 
TOP OF THE 1ST
Lehigh Valley IronPigs batting - Pitching for Louisville Bats : LHP Elijah McLeod
Pitching: LHP Elijah McLeod
Batting: LHB Chad Persaud 0-0: Fly out, F7 (Line Drive, 7, EV 90.6 MPH)
Batting: RHB Jose Marroquin 0-0: Ball
1-0: Ball
2-0: Ball
3-0: Base on Balls
Batting: LHB Ryan Trombley 0-0: Ball
1-0: Ball
2-0: Foul Ball, location: 2F
2-1: Foul Ball, location: 2F
2-2: Ball
3-2: Strikes out swinging
Batting: RHB Josh Hensley 0-0: Foul Ball, location: 2F
0-1: Ball
1-1: Called Strike
1-2: Foul Ball, location: 2F
1-2: Ball
2-2: Ball
Jose Marroquin steals 2nd base
3-2: Ground out 6-3 (Groundball, 6, EV 100.0 MPH)
Top of the 1st over - 0 runs, 0 hits, 0 errors, 1 left on base; Lehigh Valley 0 - Louisville 0
BOTTOM OF THE 1ST
Louisville Bats batting - Pitching for Lehigh Valley IronPigs : RHP Brian Thomas
Pitching: RHP Brian Thomas
Batting: RHB Willie Lazcano 0-0: Ball
1-0: Ball
2-0: Fly out, F9 (Line Drive, 9, EV 98.8 MPH)
Batting: RHB Chase Briney 0-0: Ball
1-0: Called Strike
1-1: Foul Ball, location: 2F
1-2: Ball
2-2: Strikes out swinging
Batting: LHB Randy Racine 0-0: Called Strike
0-1: Ground out 4-3 (Groundball, 34D, EV 78.1 MPH)
Bottom of the 1st over - 0 runs, 0 hits, 0 errors, 0 left on base; Lehigh Valley 0 - Louisville 0
TOP OF THE 2ND
Lehigh Valley IronPigs batting - Pitching for Louisville Bats : LHP Elijah McLeod
Batting: RHB Julian Nijhuis 0-0: Foul Ball, location: 2F
0-1: Called Strike
0-2: Strikes out swinging
Batting: RHB Bill Moldenhauer 0-0: Called Strike
0-1: Swinging Strike
0-2: Ball
1-2: Fly out, F8 (Flyball, 8RD, EV 96.2 MPH)
Batting: RHB Dan Grable 0-0: Called Strike
0-1: Ball
1-1: Ball
2-1: Swinging Strike
2-2: Ball
3-2: Strikes out swinging
Top of the 2nd over - 0 runs, 0 hits, 0 errors, 0 left on base; Lehigh Valley 0 - Louisville 0
BOTTOM OF THE 2ND
Louisville Bats batting - Pitching for Lehigh Valley IronPigs : RHP Brian Thomas
Batting: RHB Jason Harris 0-0: Called Strike
0-1: SOLO HOME RUN (Flyball, 89XD, EV 99.4 MPH), Distance : 393 ft
Batting: SHB Freddie Farrar 0-0: Foul Ball, location: 2F
0-1: Ball
1-1: Swinging Strike
1-2: Foul Ball, location: 2F
1-2: Foul Ball, location: 2F
1-2: Strikes out swinging
Batting: RHB Danny Real 0-0: Ball
1-0: Swinging Strike
1-1: Ball
2-1: SINGLE (Groundball, 6M, EV 101.2 MPH) (infield hit)
Batting: SHB Paul Sandoval 0-0: Ball
1-0: Ball
2-0: Ball
3-0: Called Strike
3-1: Swinging Strike
3-2: Strikes out looking
Batting: RHB Estanislau Gosendes 0-0: Ball
1-0: Ball
Danny Real is caught stealing 2nd base 2-4
Bottom of the 2nd over - 1 run, 2 hits, 0 errors, 0 left on base; Lehigh Valley 0 - Louisville 1
TOP OF THE 3RD
Lehigh Valley IronPigs batting - Pitching for Louisville Bats : LHP Elijah McLeod
Batting: SHB Cesar Arteaga 0-0: Ball
1-0: SINGLE (Groundball, 4MS, EV 78.1 MPH) (infield hit)
Batting: LHB Tyler Allen 0-0: Ball
Cesar Arteaga steals 2nd base
1-0: Swinging Strike
1-1: Called Strike
1-2: Foul Ball, location: 2F
1-2: Strikes out swinging
Batting: LHB Chad Persaud 0-0: Foul Ball, location: 2F
0-1: Ball
1-1: Foul Ball, location: 2F
1-2: Ground out 1-3 (Groundball, 13, EV 73.8 MPH)
Cesar Arteaga to third
Batting: RHB Jose Marroquin 0-0: Ball
1-0: Ball
2-0: Called Strike
2-1: Swinging Strike
2-2: Ball
3-2: Base on Balls
Batting: LHB Ryan Trombley 0-0: Ball
1-0: SINGLE (Groundball, 56S, EV 73.1 MPH) (infield hit)
Cesar Arteaga scores
Jose Marroquin to second
Batting: RHB Josh Hensley 0-0: 3-RUN HOME RUN (Flyball, 7D, EV 97.5 MPH), Distance : 368 ft
Batting: RHB Julian Nijhuis 0-0: Called Strike
0-1: Foul Ball, location: 2F
0-2: Strikes out swinging
Top of the 3rd over - 4 runs, 3 hits, 0 errors, 0 left on base; Lehigh Valley 4 - Louisville 1
BOTTOM OF THE 3RD
Louisville Bats batting - Pitching for Lehigh Valley IronPigs : RHP Brian Thomas
Batting: RHB Estanislau Gosendes 0-0: Called Strike
0-1: Foul Ball, location: 2F
0-2: Foul Ball, location: 2F
0-2: SINGLE (Groundball, 56D, EV 83.8 MPH) (infield hit)
Batting: RHB Yasusaburo Kuwahara 0-0: Called Strike
0-1: Called Strike
0-2: Strikes out looking
Batting: RHB Willie Lazcano 0-0: Ball
1-0: Called Strike
1-1: Foul Ball, location: 2F
1-2: SINGLE (Groundball, 4MS, EV 60.6 MPH) (infield hit)
Estanislau Gosendes to second
Batting: RHB Chase Briney 0-0: Called Strike
0-1: Foul Ball, location: 2F
0-2: Foul Ball, location: 2F
0-2: Ball
1-2: Ball
2-2: Fielders Choice at 2nd, 3-6 (Groundball, 23, EV 78.1 MPH)
Estanislau Gosendes to third
Batting: LHB Randy Racine 0-0: Swinging Strike
0-1: Swinging Strike
0-2: Strikes out looking
Bottom of the 3rd over - 0 runs, 2 hits, 0 errors, 2 left on base; Lehigh Valley 4 - Louisville 1
TOP OF THE 4TH
Lehigh Valley IronPigs batting - Pitching for Louisville Bats : LHP Elijah McLeod
Batting: RHB Bill Moldenhauer 0-0: Called Strike
0-1: Ball
1-1: Swinging Strike
1-2: Ball
2-2: Ball
3-2: Foul Ball, location: 2F
3-2: Reached on error, E6 (Groundball, 56, EV 105.6 MPH)
Batting: RHB Dan Grable 0-0: Ball
1-0: Ground out 4-3 (Groundball, 4, EV 81.9 MPH)
Bill Moldenhauer to third
Batting: SHB Cesar Arteaga 0-0: Ball
1-0: Swinging Strike
1-1: Called Strike
1-2: Ball
2-2: Strikes out swinging
Batting: LHB Tyler Allen 0-0: Ball
1-0: Ball
2-0: Ground out U3 (Groundball, 3, EV 104.4 MPH)
Top of the 4th over - 0 runs, 0 hits, 1 error, 1 left on base; Lehigh Valley 4 - Louisville 1
BOTTOM OF THE 4TH
Louisville Bats batting - Pitching for Lehigh Valley IronPigs : RHP Brian Thomas
Batting: RHB Jason Harris 0-0: Ball
1-0: Called Strike
1-1: Swinging Strike
1-2: Ball
2-2: Fly out, F9 (Flyball, 9S, EV 91.2 MPH)
Batting: SHB Freddie Farrar 0-0: Foul Ball, location: 2F
0-1: Foul Ball, location: 2F
0-2: Fly out, F9 (Flyball, 89D, EV 95.6 MPH)
Batting: RHB Danny Real 0-0: Foul Ball, location: 2F
0-1: Called Strike
0-2: Foul Ball, location: 2F
0-2: Ball
1-2: Ground out 4-3 (Groundball, 4, EV 90.0 MPH)
Bottom of the 4th over - 0 runs, 0 hits, 0 errors, 0 left on base; Lehigh Valley 4 - Louisville 1
TOP OF THE 5TH
Lehigh Valley IronPigs batting - Pitching for Louisville Bats : LHP Elijah McLeod
Batting: LHB Chad Persaud 0-0: Ball
1-0: Swinging Strike
1-1: Ball
2-1: Foul Ball, location: 2F
2-2: Ball
3-2: Strikes out swinging
Batting: RHB Jose Marroquin 0-0: Ball
1-0: Ball
2-0: Fly out, F8 (Flyball, 8RXD, EV 97.5 MPH)
Batting: LHB Ryan Trombley 0-0: Ball
1-0: Ball
2-0: Foul Ball, location: 2F
2-1: Ball
3-1: Swinging Strike
3-2: Strikes out looking
Top of the 5th over - 0 runs, 0 hits, 0 errors, 0 left on base; Lehigh Valley 4 - Louisville 1
BOTTOM OF THE 5TH
Louisville Bats batting - Pitching for Lehigh Valley IronPigs : RHP Brian Thomas
Batting: SHB Paul Sandoval 0-0: Foul Ball, location: 2F
0-1: Ground out U3 (Groundball, 3L, EV 80.0 MPH)
Batting: RHB Estanislau Gosendes 0-0: Ball
1-0: Ball
2-0: Ball
3-0: Called Strike
3-1: Foul Ball, location: 2F
3-2: Ground out 5-3 (Groundball, 56S, EV 68.8 MPH)
DELAY Rain delay of 43 minutes in the 5th inning.
Batting: RHB Yasusaburo Kuwahara 0-0: Ball
1-0: Called Strike
1-1: Ball
2-1: Swinging Strike
2-2: Foul Ball, location: 2F
2-2: Ground out 6-3 (Groundball, 6, EV 81.2 MPH)
Bottom of the 5th over - 0 runs, 0 hits, 0 errors, 0 left on base; Lehigh Valley 4 - Louisville 1
TOP OF THE 6TH
Lehigh Valley IronPigs batting - Pitching for Louisville Bats : LHP Elijah McLeod
Pitching: RHP Whitney Batten
Batting: RHB Josh Hensley 0-0: Foul Ball, location: 2F
0-1: Hit by Pitch
Batting: RHB Julian Nijhuis 0-0: Ball
1-0: Called Strike
1-1: Fly out, F4 (Flyball, 34D, EV 95.0 MPH)
Batting: RHB Bill Moldenhauer 0-0: Ball
1-0: Called Strike
1-1: Swinging Strike
1-2: Strikes out swinging
Batting: RHB Dan Grable 0-0: Ball
1-0: Called Strike
1-1: Foul Ball, location: 2F
1-2: Strikes out swinging
Top of the 6th over - 0 runs, 0 hits, 0 errors, 1 left on base; Lehigh Valley 4 - Louisville 1
BOTTOM OF THE 6TH
Louisville Bats batting - Pitching for Lehigh Valley IronPigs : RHP Brian Thomas
Batting: RHB Willie Lazcano 0-0: Ball
1-0: Called Strike
1-1: Ball
2-1: Foul Ball, location: 2F
2-2: Ball
3-2: Foul Ball, location: 2F
3-2: Fly out, F7 (Flyball, 7D, EV 91.9 MPH)
Batting: RHB Chase Briney 0-0: Called Strike
0-1: Foul Ball, location: 2F
0-2: Strikes out swinging
Batting: LHB Randy Racine 0-0: Ball
1-0: Ball
2-0: Foul Ball, location: 2F
2-1: Ball
3-1: Base on Balls
Pitching: LHP John Murray
Batting: RHB Jason Harris 0-0: Foul Ball, location: 2F
0-1: Ground out 4-3 (Groundball, 34, EV 88.1 MPH)
Bottom of the 6th over - 0 runs, 0 hits, 0 errors, 1 left on base; Lehigh Valley 4 - Louisville 1
TOP OF THE 7TH
Lehigh Valley IronPigs batting - Pitching for Louisville Bats : RHP Whitney Batten
Batting: SHB Cesar Arteaga 0-0: Ball
1-0: Swinging Strike
1-1: Foul Ball, location: 2F
1-2: Ball
2-2: Strikes out swinging
Batting: LHB Tyler Allen 0-0: Ball
1-0: Called Strike
1-1: Foul Ball, location: 2F
1-2: Strikes out swinging
Batting: LHB Chad Persaud 0-0: Called Strike
0-1: Ball
1-1: Ground out 6-3 (Groundball, 6, EV 81.2 MPH)
Top of the 7th over - 0 runs, 0 hits, 0 errors, 0 left on base; Lehigh Valley 4 - Louisville 1
BOTTOM OF THE 7TH
Louisville Bats batting - Pitching for Lehigh Valley IronPigs : LHP John Murray
Batting: SHB Freddie Farrar 0-0: Ball
1-0: Called Strike
1-1: Foul Ball, location: 2F
1-2: Fly out, F8 (Flyball, 8RS, EV 77.5 MPH)
Batting: RHB Danny Real 0-0: Ball
1-0: Ground out 6-3 (Groundball, 6MD, EV 86.2 MPH)
Batting: SHB Paul Sandoval 0-0: Fly out, F8 (Flyball, 8RD, EV 93.8 MPH)
Bottom of the 7th over - 0 runs, 0 hits, 0 errors, 0 left on base; Lehigh Valley 4 - Louisville 1
TOP OF THE 8TH
Lehigh Valley IronPigs batting - Pitching for Louisville Bats : RHP Whitney Batten
Pitching: RHP Tyrese Barnett
Batting: RHB Jose Marroquin 0-0: Called Strike
0-1: Ball
1-1: Ball
2-1: Ball
3-1: Foul Ball, location: 2F
3-2: Base on Balls
Batting: LHB Ryan Trombley 0-0: Called Strike
0-1: Ball
1-1: Ball
2-1: Foul Ball, location: 2F
2-2: SINGLE (Groundball, 34D, EV 101.2 MPH)
Jose Marroquin to second
Runner from 2nd tries for 3rd, SAFE, throw by RF made to third
Batting: RHB Josh Hensley 0-0: Called Strike
0-1: Ball
1-1: Swinging Strike
1-2: Ball
2-2: Foul Ball, location: 2F
2-2: Ball
3-2: Base on Balls
Ryan Trombley to second
Batting: RHB Julian Nijhuis 0-0: Foul Ball, location: 2F
0-1: Ball
1-1: Called Strike
1-2: Strikes out swinging
Batting: RHB Bill Moldenhauer 0-0: Called Strike
0-1: Ball
1-1: Foul Ball, location: 2F
1-2: Foul Ball, location: 2F
1-2: SINGLE (Groundball, 6, EV 105.6 MPH)
Jose Marroquin scores
Ryan Trombley to third
Josh Hensley to second
Batting: RHB Dan Grable 0-0: Called Strike
0-1: Grounds into double play, 4-6-3 (Groundball, 4, EV 88.1 MPH)
Top of the 8th over - 1 run, 2 hits, 0 errors, 2 left on base; Lehigh Valley 5 - Louisville 1
BOTTOM OF THE 8TH
Louisville Bats batting - Pitching for Lehigh Valley IronPigs : LHP John Murray
Batting: RHB Estanislau Gosendes 0-0: Called Strike
0-1: Foul Ball, location: 2F
0-2: Foul Ball, location: 2F
0-2: Ball
1-2: Fly out, F2 (Popup, 2LF, EV 90.6 MPH)
Batting: RHB Yasusaburo Kuwahara 0-0: Foul Ball, location: 2F
0-1: Called Strike
0-2: Fly out, F7 (Flyball, 7, EV 86.9 MPH)
Batting: RHB Willie Lazcano 0-0: Foul Ball, location: 2F
0-1: Swinging Strike
0-2: Ground out U3 (Groundball, 3L, EV 87.5 MPH)
Bottom of the 8th over - 0 runs, 0 hits, 0 errors, 0 left on base; Lehigh Valley 5 - Louisville 1
TOP OF THE 9TH
Lehigh Valley IronPigs batting - Pitching for Louisville Bats : RHP Tyrese Barnett
Pitching: LHP Jeff Wall
Batting: SHB Cesar Arteaga 0-0: Ball
1-0: Called Strike
1-1: Ball
2-1: Foul Ball, location: 2F
2-2: Ball
3-2: Strikes out looking
Batting: LHB Tyler Allen 0-0: Ball
1-0: Swinging Strike
1-1: Swinging Strike
1-2: Ground out 1-3 (Groundball, 13, EV 68.1 MPH)
Batting: LHB Chad Persaud 0-0: Ball
1-0: Foul Ball, location: 2F
1-1: Ground out 4-3 (Groundball, 4, EV 95.6 MPH)
Top of the 9th over - 0 runs, 0 hits, 0 errors, 0 left on base; Lehigh Valley 5 - Louisville 1
BOTTOM OF THE 9TH
Louisville Bats batting - Pitching for Lehigh Valley IronPigs : LHP John Murray
Batting: RHB Chase Briney 0-0: Ground out 6-3 (Groundball, 6, EV 101.2 MPH)
Batting: LHB Randy Racine 0-0: Called Strike
0-1: Ground out 6-3 (Groundball, 6M, EV 109.4 MPH)
Batting: RHB Jason Harris 0-0: Ground out 6-3 (Groundball, 6, EV 99.4 MPH)
Bottom of the 9th over - 0 runs, 0 hits, 0 errors, 0 left on base; Lehigh Valley 5 - Louisville 1
Thursday, March 31st , 2022 - OOTP Baseball 22.12 Build 89